cohdb
Replays
Latest Replays
All Replays
Popular Replays
Top Player Replays
Match Explorer
How It Works
Community
CoH3 Stats
Reddit
Sign in to upload your games and track your stats! →
Sign in with Steam
Match 42775414
Unlisted
Match 42775414
Overview
Messages
Build Orders
End
Construct Infanterie Kompanie
Selects Luftwaffe Battlegroup
Grenadier Squad
Grenadier Squad
Selects Luftwaffe Pioneer Support
GrW 34 Mortar Team
Grenadier Squad
Selects Stuka Strafing Run
Medical Station
Stuka Strafing Run
Construct Panzergrenadier Kompanie
Pak 40 Anti-tank Gun Team
Stuka Strafing Run
Selects Fallschirmjäger Squad Paradrop
Support Elements
Nebelwerfer 42 Rocket Launcher Team
Nebelwerfer 42 Rocket Launcher Team
Stuka Strafing Run
Panzergrenadier Squad
Selects Fragmentation Bombs
Stuka Strafing Run
Valdai
Well met!
Sailor
Hetman
ArT
YOU CANT SEE ME
0
0
Comments
sign in to comment!
No comments posted yet!